 Dungeon Crawl Stone Soup version 0.26-a0-682-g294304f6e8 (webtiles) character file.

Game seed: 18427654087494825182

445 Notrik the Skirmisher (level 7, -4/61 HPs)
             Began as a Barachi Berserker on Oct 21, 2020.
             Was a Priest of Trog.
             Shot with an arrow by a centaur (8 damage)
             ... on level 5 of the Dungeon.
             The game lasted 00:05:58 (4575 turns).

Notrik the Skirmisher (Barachi Berserker)           Turns: 4575, Time: 00:05:58

Health: -4/61      AC: 11    Str: 21    XL:     7   Next: 3%
Magic:  7/7        EV:  8    Int:  7    God:    Trog [***...]
Gold:   126        SH:  0    Dex: 11    Spells: 6/6 levels left

rFire    . . .     SeeInvis .   a - +0 falchion
rCold    . . .     Faith    .   (no shield)
rNeg     . . .     Spirit   .   h - -1 chain mail
rPois    .         Reflect  .   o - +0 hat
rElec    .         Harm     .   c - +1 cloak
rCorr    +         Rampage  .   q - +0 pair of gloves
MR       .....                  (no boots)
Stlth    ..........             (no amulet)
HPRegen  0.20/turn              m - ring of resist corrosion
MPRegen  0.10/turn              (no ring)

@: slow
A: +LOS, swims, slowness 1, strong legs 1
a: Hop, Berserk, Trog's Hand, Renounce Religion


You were on level 5 of the Dungeon.
You worshipped Trog.
Trog was most pleased with you.
You visited 1 branch of the dungeon, and saw 5 of its levels.

You collected 126 gold pieces.

Inventory:

Hand Weapons
 a - a +0 falchion (weapon)
 p - a +1 flail of venom
   (You took it off a gnoll on level 3 of the Dungeon)
Armour
 c - a +1 cloak (worn)
   (You found it on level 1 of the Dungeon)
 h - a -1 chain mail (worn)
   (You found it on level 1 of the Dungeon)
 o - a +0 hat (worn)
   (You found it on level 3 of the Dungeon)
 q - a +0 pair of gloves (worn)
   (You found it on level 3 of the Dungeon)
Jewellery
 m - a ring of resist corrosion (left hand)
   (You found it on level 2 of the Dungeon)
Wands
 t - a wand of flame (14)
   (You found it on level 3 of the Dungeon)
Scrolls
 d - 2 scrolls of identify {@r1}
 e - 5 scrolls of remove curse {@r2}
 f - 2 scrolls of enchant armour
 g - 2 scrolls of magic mapping {unknown}
 i - a scroll of immolation {unknown}
 k - a scroll of blinking {unknown}
 n - a scroll of fear {unknown}
 v - a scroll of enchant weapon {unknown}
Potions
 b - a potion of magic {unknown}
 j - 2 potions of haste {@q3}
 l - a potion of flight {unknown}
 r - a potion of might {unknown}
 s - a potion of berserk rage {unknown}
 u - a potion of brilliance {unknown}


   Skills:
 * Level 7.9 Fighting
 + Level 6.0 Long Blades
 - Level 2.4 Armour
 - Level 2.1 Dodging


You had 6 spell levels left.
You didn't know any spells.
Your spell library was empty.

Dungeon Overview and Level Annotations

Branches:
Dungeon (5/15)
 Temple: D:4-7

Altars:
Cheibriados
Elyvilon
Fedhas
Trog

Annotations:
D:3 1 runed translucent door, ANON1729's ghost, amateur OpCK
D:4 2 transporters


Innate Abilities, Weirdness & Mutations

You can be seen from farther away. (+LOS)
You can swim through water.
You cover ground slowly.
You can hop short distances.


Message History

The phantom hits you but does no damage.
You hit the phantom but do no damage.
The phantom hits you but does no damage.
You hit the phantom but do no damage.
The phantom blinks!
Found a bronze wand.
You closely miss the phantom.
The phantom blinks!
The phantom blinks!
A centaur comes into view.
The centaur shouts!
The centaur wields a +0 shortbow.
The centaur shoots an arrow.
The arrow hits you but does no damage. The phantom hits you.
The centaur shoots an arrow.
The arrow hits you.
* * * LOW HITPOINT WARNING * * *
You see here 2 arrows.
Your chain mail prevents you from hitting the phantom.
The centaur shoots an arrow.
The arrow hits you but does no damage.
The phantom blinks!
The centaur shoots an arrow.
The arrow hits you but does no damage.
You see here an arrow.
The centaur shoots an arrow.
The arrow hits you.
* * * LOW HITPOINT WARNING * * *
The phantom hits you.
* * * LOW HITPOINT WARNING * * *
The centaur shoots an arrow.
The arrow hits you!
* * * LOW HITPOINT WARNING * * *
The phantom hits you but does no damage.
You hear a shout!
You see here 2 arrows.
The centaur shoots an arrow.
The arrow hits you.
* * * LOW HITPOINT WARNING * * *
An ogre comes into view. It is wielding a +0 giant club.
You see here 2 arrows.
As you read the scroll labeled WUTAUZ KONIO, it crumbles to dust.
You feel as if something is helping you.
It was a scroll of remove curse.
The centaur shoots an arrow.
The arrow hits you.
* * * LOW HITPOINT WARNING * * *
The phantom hits you but does no damage.
The centaur shoots an arrow.
The arrow hits you!
* * * LOW HITPOINT WARNING * * *
As you read the scroll labeled QOMAYL QONK, it crumbles to dust.
It is a scroll of identify.
j - 2 potions of haste The centaur shoots an arrow.
The arrow hits you but does no damage. The phantom barely misses you.
As you read the scroll labeled YPLOANULIT, it crumbles to dust.
It is a scroll of enchant armour.
Your +0 cloak glows green for a moment.
The centaur shoots an arrow.
The arrow hits you!
You die...

........ #.# #.....#
#.#####
#.....###.....#
###.....#..[....#
......<.#.......
######........#####+#
#..............#
#..............#
#.........(@W..#
#..............#
....#+#...............
......
###+##.....######
...... ...../.# ......
....cO.## ....##
#......... ....
#......... #..........


You could see a phantom, an ogre and a centaur.

Vanquished Creatures
  A scorpion (D:4)
  2 hounds (D:3)
  2 orc wizards
  Natasha (twice) (D:3)
  A worker ant (D:4)
  4 gnolls
  5 adders
  An ufetubus (D:5)
  An ooze (D:3)
  4 worms
  6 dart slugs
  2 leopard geckos
  12 orcs
  5 bats
  8 giant cockroaches
  5 goblins
  6 hobgoblins
  3 jackals (D:1)
  3 quokkas (D:3)
  2 ball pythons
  10 frilled lizards
  8 kobolds
  3 rats
96 creatures vanquished.

Vanquished Creatures (others)
  2 withered plants (D:3)
2 creatures vanquished.

Grand Total: 98 creatures vanquished

Notes
Turn   | Place    | Note
-------+----------+-------------------------------------------
     0 | D:1      | Notrik the Barachi Berserker began the quest for the Orb.
     0 | D:1      | Reached XP level 1. HP: 18/18 MP: 1/1
   216 | D:1      | Reached skill level 4 in Fighting
   218 | D:1      | Reached XP level 2. HP: 17/25 MP: 2/2
   612 | D:2      | Reached XP level 3. HP: 31/31 MP: 3/3
   764 | D:2      | Reached skill level 5 in Fighting
   768 | D:2      | Reached XP level 4. HP: 6/39 MP: 4/4
  1202 | D:2      | Reached ** piety under Trog
  1552 | D:2      | Found a snail-covered altar of Cheibriados.
  1795 | D:3      | Found a runed translucent door.
  1796 | D:3      | Noticed ANON1729's ghost (amateur OpCK)
  1839 | D:3      | Found a bloodstained altar of Trog.
  2056 | D:3      | Reached skill level 6 in Fighting
  2056 | D:3      | Reached XP level 5. HP: 43/46 MP: 5/5
  2064 | D:3      | Reached skill level 5 in Long Blades
  2528 | D:3      | Reached XP level 6. HP: 43/53 MP: 6/6
  2704 | D:3      | Noticed Natasha
  2713 | D:3      | Killed Natasha
  2713 | D:3      | Reached skill level 7 in Fighting
  3077 | D:3      | Noticed Natasha
  3084 | D:3      | Killed Natasha
  3315 | D:4      | Reached *** piety under Trog
  3871 | D:4      | Found a transporter.
  3874 | D:4      | Found a transporter.
  3875 | D:4      | Noticed a phantom
  3883 | D:4      | Found a blossoming altar of Fedhas.
  3884 | D:4      | Found a white marble altar of Elyvilon.
  4266 | D:4      | Reached XP level 7. HP: 51/61 MP: 7/7
  4533 | D:5      | Entered Level 5 of the Dungeon
  4573 | D:5      | HP: 3/61 [centaur/arrow (7)]
  4575 | D:5      | Shot with an arrow by a centaur

Illustrated notes

Levels and vault maps discovered:
D:1:      heliophobic_arrival_enchanted_forest, layout_rooms, minmay_box_of_dots
D:2:      layout_loops_cross, kennysheep_slug_shrine
D:3:      layout_basic, bloody_trog, gammafunk_ghost_grave,
          cheibrodos_gnoll_hut, uniq_natasha
D:4:      layout_loops_ring, gammafunk_temple_overflow_arena, kennysheep_path_1,
          item_on_display_a
D:5:      layout_basic

Skill      XL: |  1  2  3  4  5  6 |
---------------+-------------------+-----
Fighting       | 4 5 6 7 |  7.9
Long Blades    | 4 5 6 |  6.0
Armour         | |  2.4
Dodging        | |  2.1

Action                   |  1- 3 |  4- 6 |  7- 9 || total
-------------------------+-------+-------+-------++-------
Melee: Falchion          |    70 |   265 |    25 ||   360
Invok: Berserk           |     1 |     2 |       ||     3
       Trog's Hand       |       |     1 |       ||     1
  Use: Scroll            |       |       |     3 ||     3
Armor: Chain mail        |    46 |   165 |    35 ||   246
       Animal skin       |     1 |       |       ||     1
Dodge: Dodged            |    39 |   126 |    21 ||   186
       Rpst.: Falchion   |    12 |    38 |     5 ||    55

Table legend: (Time is in decaauts)
 A = Elapsed time spent in this place.
 B = Non-inter-level travel time spent in this place.
 C = Inter-level travel time spent in this place.
 D = Time resting spent in this place.
 E = Time spent auto-exploring this place.
 F = Levels seen in this place.
 G = Mean time per level.
                   A        B        C        D        E       F      G
               +--------+--------+--------+--------+--------+-----+--------+
         Total |   5103 |   4872 |    231 |    540 |   3577 |   5 | 1020.6 |
       Dungeon |   5103 |   4872 |    231 |    540 |   3577 |   5 | 1020.6 |
               +--------+--------+--------+--------+--------+-----+--------+

Top non-repeatable levels by time:
     D:3: 1700 daAuts
     D:4: 1367 daAuts
     D:2: 1309 daAuts
     D:1: 681 daAuts
     D:5: 44 daAuts
